 Dungeon Crawl Stone Soup version 0.18.1-48-g4cf74bf (webtiles) character file.

405 MirrMurr the Chopper (level 7, -2/64 HPs)
             Began as a Kobold Berserker on Aug 7, 2016.
             Was an Elder of Trog.
             Slain by a giant frog (6 damage)
             ... in a sewer.
             The game lasted 00:10:04 (2706 turns).

MirrMurr the Chopper (Kobold Berserker)             Turns: 2706, Time: 00:10:05

Health: -2/64      AC:  6    Str: 22    XL:     7   Next: 12%
Magic:  7/7        EV: 16    Int:  5    God:    Trog [****..]
Gold:   140        SH:  0    Dex: 16    Spells: 0 memorised, 6 levels left

rFire  . . .     SeeInvis .     a - +1 hand axe
rCold  . . .     Gourm    .     g - +0 ring mail
rNeg   . . .     Faith    .     (shield restricted)
rPois  .         Spirit   .     i - +0 helmet
rElec  .         Dismiss  .     (no cloak)
rCorr  .         Reflect  .     (no gloves)
SustAt .         Harm     .     (no boots)
MR     +....                    (no amulet)
Stlth  ..........               (no ring)
                                l - ring of protection from magic

@: berserking, very quick, somewhat resistant to hostile enchantments, extremely
unstealthy
A: carnivore 3
a: Berserk, Trog's Hand, Brothers in Arms, Burn Spellbooks, Renounce Religion


You were in a sewer.
You worshipped Trog.
Trog was greatly pleased with you.
You were very full.

You visited 1 branch of the dungeon, and saw 3 of its levels.
You also visited: Sewer.

You collected 140 gold pieces.

Inventory:

Hand Weapons
 a - a +1 hand axe (weapon)
Missiles
 b - 6 poisoned tomahawks (quivered)
 j - 162 stones
Armour
 g - a +0 ring mail (worn)
 i - a +0 helmet (worn)
Jewellery
 l - a ring of protection from magic (left hand)
Scrolls
 o - a scroll of fog
 p - a scroll of teleportation
 r - 2 scrolls of remove curse
Potions
 e - 2 potions of flight
 h - a potion of might
 k - 3 potions of heal wounds {unknown}
 n - 2 potions of curing {unknown}
Comestibles
 c - 2 meat rations
 d - a beef jerky
 f - 20 chunks of flesh


   Skills:
 + Level 4.1 Fighting
 * Level 4.9 Axes
 + Level 2.7 Armour
 + Level 4.8 Dodging


You had 6 spell levels left.
You didn't know any spells.

Dungeon Overview and Level Annotations

Branches:
Dungeon (3/15)

Altars:
Okawaru


Innate Abilities, Weirdness & Mutations

You are small and have problems with some larger weapons.
You are carnivorous and can eat meat at any time.


Message History

You slash the giant frog!
You kill the giant frog!
Trog accepts your kill.
You have reached level 7!
You slash the giant frog!
The giant frog is almost dead.
The giant frog hits you.
* * * LOW HITPOINT WARNING * * *
You closely miss the giant frog.
The giant frog is almost dead.
The giant frog hits you but does no damage.
The giant frog completely misses you.
Your unstable footing causes you to fumble your attack.
The giant frog closely misses you.
You barely miss the giant frog.
The giant frog is almost dead.
The giant frog barely misses you.
Your unstable footing causes you to fumble your attack.
The giant frog hits you.
You die...

##...
##....##
##....
#......+
#.....
#......#
##.....
#......#
#......
#..≈...#
#≈.≈≈≈.
#≈≈≈≈≈≈#
#≈≈≈≈≈≈
#≈≈≈≈F≈#
#≈≈≈≈≈≈
#≈≈≈@≈≈#
#≈≈≈≈≈≈
#≈≈÷≈≈≈#
#≈≈≈≈≈≈
#≈≈≈≈≈≈#
#≈≈≈≈≈≈
#≈≈≈≈≈≈#
#≈≈≈≈≈≈
#≈≈≈≈≈≈#
#≈≈≈≈≈≈
#≈≈≈≈≈≈#
#≈≈≈≈≈≈
#≈≈≈≈≈≈#
#≈≈≈≈.≈
#≈≈≈≈≈≈#
#.≈.[≈≈
#≈≈≈≈≈≈#
#≈÷.≈.≈


You could see a giant frog.

Vanquished Creatures
  An ogre (D:1)
  A giant frog (Sewer)
  Ijyb (D:2)
  10 adders
  3 gnolls (D:2)
  A river rat (Sewer)
  An ooze (Sewer)
  2 dart slugs (D:2)
  3 giant geckos
  5 giant cockroaches
  7 goblins
  5 hobgoblins
  4 jackals (D:1)
  12 kobolds
  A quokka (D:2)
  12 ball pythons
  5 bats
  6 giant newts
  38 rats
118 creatures vanquished.

Notes
Turn   | Place    | Note
--------------------------------------------------------------
     0 | D:1      | MirrMurr the Kobold Berserker began the quest for the Orb.
     0 | D:1      | Reached XP level 1. HP: 14/14 MP: 1/1
    91 | D:1      | Reached XP level 2. HP: 17/19 MP: 2/2
   523 | D:1      | Reached XP level 3. HP: 17/23 MP: 3/3
   752 | D:1      | Noticed an ogre
   757 | D:1      | Killed an ogre
   757 | D:1      | Reached XP level 4. HP: 29/29 MP: 4/4
   757 | D:1      | Reached XP level 5. HP: 33/33 MP: 5/5
   814 | D:1      | Reached ** piety under Trog
  1091 | D:2      | Found an iron altar of Okawaru.
  1272 | D:2      | Noticed Ijyb
  1284 | D:2      | Killed Ijyb
  1284 | D:2      | Reached XP level 6. HP: 36/38 MP: 6/6
  1887 | D:3      | Found a glowing drain.
  1907 | D:3      | Reached *** piety under Trog
  1910 | Sewer    | Entered a sewer
  2565 | Sewer    | Reached **** piety under Trog
  2666 | Sewer    | Received a gift from Trog
  2702 | Sewer    | Reached XP level 7. HP: 8/43 MP: 7/7
  2702 | Sewer    | HP: 3/64 [giant frog (5)]
  2706 | Sewer    | Slain by a giant frog

Skill      XL: |  1  2  3  4  5  6 |
---------------+-------------------+-----
Axes           | 3 4 |  4.9
Armour         | 2 |  2.7
Dodging        | 3 4 |  4.8
Fighting       | 4 |  4.1

Action                   |  1- 3 |  4- 6 |  7- 9 || total
-------------------------+-------+-------+-------++-------
Melee: Hand axe          |    64 |   276 |     4 ||   344
Invok: Berserk           |     1 |     2 |       ||     3
       Trog's Hand       |       |     2 |       ||     2
  Use: Scroll            |     4 |     8 |       ||    12
 Stab: Sleeping          |     1 |       |       ||     1
  Eat: Chunk             |     8 |     9 |       ||    17
Armor: Animal skin       |     5 |       |       ||     5
       Ring mail         |    17 |    73 |     1 ||    91
Dodge: Dodged            |    63 |   232 |     3 ||   298
